 Dungeon Crawl Stone Soup version 0.25.1-9-gc5326a611f (console) character file.

Game seed: 16842116612183289310

7496 Kloppie the Fighter (level 10, -1/95 HPs)
             Began as a Pale Draconian Berserker on Dec 3, 2020.
             Was a High Priest of Trog.
             Slain by a blink frog (12 damage)
             ... on level 2 of the Lair of Beasts on Feb 6, 2022.
             The game lasted 00:19:21 (10488 turns).

Kloppie the Fighter (Pale Draconian Berserker)     Turns: 10488, Time: 00:19:22

Health: -1/95      AC: 10    Str: 22    XL:     10   Next: 95%
Magic:  10/10      EV: 16    Int:  8    God:    Trog [*****.]
Gold:   503        SH:  0    Dex: 11    Spells: 9/9 levels left

rFire    . . .     SeeInvis +   a - +0 hand axe
rCold    . . .     Gourm    .   (no shield)
rNeg     . . .     Faith    .   (armour unavailable)
rPois    +         Spirit   .   (helmet restricted)
rElec    .         Reflect  .   n - +1 cloak {rPois}
rCorr    .         Harm     .   (no gloves)
MR       .....                  w - +0 pair of boots
Stlth    +.........             x - amulet of magic regeneration
HPRegen  0.25/turn              q - +4 ring of slaying
MPRegen  0.37/turn              i - ring of see invisible

@: berserk cooldown, slowed, very slow
A: breathe steam, unfitting armour, cold-blooded, AC +7
a: Breathe Steam, Berserk, Trog's Hand, Brothers in Arms, Renounce Religion


You were on level 2 of the Lair of Beasts.
You worshipped Trog.
Trog was extremely pleased with you.
You were near starving.

You visited 2 branches of the dungeon, and saw 11 of its levels.

You collected 503 gold pieces.

Inventory:

Hand Weapons
 a - a +0 hand axe (weapon)
Armour
 n - a +1 cloak of poison resistance (worn)
 w - a +0 pair of boots (worn)
Jewellery
 i - a ring of see invisible (right hand)
 q - a +4 ring of slaying (left hand)
 x - an amulet of magic regeneration (around neck)
 G - an uncursed ring of flight
 H - an uncursed ring of protection from fire
Wands
 k - a wand of polymorph (4)
 s - a wand of digging (6)
 F - a wand of iceblast (8)
Scrolls
 d - 10 scrolls of identify
 g - a scroll of blinking
 l - 9 scrolls of teleportation
 r - 4 scrolls of remove curse
 t - a scroll of random uselessness {unknown}
 u - 2 scrolls of enchant weapon {unknown}
 v - 2 scrolls of enchant armour {unknown}
 y - a scroll of amnesia {unknown}
 z - a scroll of holy word {unknown}
 C - a scroll of immolation {unknown}
 I - a scroll of vulnerability {unknown}
Potions
 c - 4 potions of stabbing
 e - a potion of magic
 f - 3 potions of might {unknown}
 h - a potion of berserk rage {unknown}
 j - 2 potions of mutation {unknown}
 m - 3 potions of curing {unknown}
 o - 4 potions of heal wounds {unknown}
 p - a potion of lignification {unknown}
 A - a potion of ambrosia {unknown}
 B - a potion of degeneration {unknown}
 E - 2 potions of brilliance {unknown}
Comestibles
 b - 16 rations


   Skills:
 + Level 11.1 Fighting
 + Level 10.2 Axes
 + Level 9.4 Dodging


You had 9 spell levels left.
You didn't know any spells.
Your spell library was empty.

Dungeon Overview and Level Annotations

Branches:
Dungeon (9/15)             Temple (0/1) D:4            Lair (2/6) D:9
  Swamp: Lair:2-4    Shoals: Lair:2-4     Snake: Lair:2-4    Spider: Lair:2-4
    Orc: D:9-12

Altars:
Fedhas
Hepliaklqana
Kikubaaqudgha
Qazlal
Sif Muna
Vehumet
Xom
Zin

Shops:
D:7 (


Innate Abilities, Weirdness & Mutations

You can breathe blasts of scalding, opaque steam.
Your pale cyan-grey scales are hard. (AC +7)
You cannot fit into any form of body armour.
You are cold-blooded and may be slowed by cold attacks.


Message History

The blink frog blinks!
You slash the blink frog!
The blink frog is heavily wounded.
The blink frog blinks! x2
Something hits the plant but does no damage.
The blink frog hits the plant.
The blink frog blinks! x2
Your skin stops crawling.
You feel less resistant to hostile enchantments.
The blink frog blinks!
You barely miss the blink frog.
The blink frog is moderately wounded.
The blink frog hits you.
* * * LOW HITPOINT WARNING * * *
The blink frog blinks!
You miss the blink frog.
The blink frog is heavily wounded.
You hit the blink frog.
The blink frog closely misses you. x3; The blink frog blinks! x2; The blink frog hits you!
* * * LOW HITPOINT WARNING * * *
It was a potion of magic.
Magic courses through your body. The blink frog barely misses you.
The blink frog hits you!
You die...

♣≈≈PP.....#
P≈≈≈...§.....
≈≈≈≈........
♣PPP........
##P♣≈........
#.)..........
#...........
##†FFF.......
#.†@§<.......
##..F........
#...........
#...........
#............
##...........
#...........
##P.........


You could see 4 blink frogs.

Vanquished Creatures
  A two-headed ogre (D:8)
  A komodo dragon (Lair:2)
  Grinder (D:3)
  A blink frog (Lair:2)
  Sigmund (D:2)
  6 yaks (D:9)
  A hungry ghost (D:8)
  2 orc warriors
  3 porcupines (D:9)
  2 black bears (D:9)
  3 ice beasts
  2 sky beasts (D:5)
  2 phantoms
  3 ogres
  3 centaurs
  8 wolves
  4 crocodiles
  5 bullfrogs
  A big kobold (D:9)
  4 scorpions
  5 killer bees (D:9)
  4 wights (D:9)
  3 howler monkeys
  A crimson imp (D:6)
  3 jellies
  A bullfrog skeleton (D:5)
  6 hounds
  7 orc wizards
  2 orc priests
  Crazy Yiuf (D:2)
  Jessica (D:2)
  An iguana (D:7)
  Ijyb (D:3)
  Terence (D:3)
  9 worker ants
  A hound skeleton (D:8)
  Robin (D:3)
  5 adders
  A river rat (D:4)
  3 shadow imps
  3 oozes
  2 adder skeletons
  A worm (D:2)
  3 dart slugs (D:1)
  4 leopard geckos
  33 orcs
  8 bats
  8 giant cockroaches
  8 goblins
  11 hobgoblins
  11 jackals
  12 kobolds
  A quokka (D:3)
  A ball python (D:4)
  6 frilled lizards
  8 rats
231 creatures vanquished.

Vanquished Creatures (others)
  A killer bee (D:9)
  8 fungi (D:9)
  13 plants (D:9)
22 creatures vanquished.

Grand Total: 253 creatures vanquished

Notes
Turn   | Place    | Note
-------+----------+-------------------------------------------
     0 | D:1      | Kloppie the Draconian Berserker began the quest for the
                  | Orb.
     0 | D:1      | Reached XP level 1. HP: 19/19 MP: 1/1
   287 | D:1      | Reached XP level 2. HP: 18/26 MP: 2/2
   652 | D:1      | Reached ** piety under Trog
   827 | D:1      | Reached XP level 3. HP: 31/33 MP: 3/3
  1587 | D:2      | Reached skill level 4 in Fighting
  1686 | D:2      | Noticed Jessica
  1695 | D:2      | Killed Jessica
  1695 | D:2      | Reached XP level 4. HP: 25/40 MP: 4/4
  1824 | D:2      | Found a runed translucent door.
  1825 | D:2      | Noticed Crazy Yiuf
  1831 | D:2      | Killed Crazy Yiuf
  2071 | D:2      | Noticed Sigmund
  2089 | D:2      | Killed Sigmund
  2089 | D:2      | Reached skill level 5 in Fighting
  2089 | D:2      | Reached XP level 5. HP: 39/48 MP: 5/5
  2089 | D:2      | Reached XP level 6. HP: 46/56 MP: 6/6
  2425 | D:3      | Noticed Grinder
  2425 | D:3      | Noticed Ijyb
  2425 | D:3      | Noticed Terence
  2462 | D:3      | Killed Grinder
  2462 | D:3      | Reached skill level 5 in Axes
  2462 | D:3      | Killed Terence
  2471 | D:3      | Killed Ijyb
  2471 | D:3      | Your scales start taking on a pale cyan-grey colour.
  2471 | D:3      | Reached XP level 7. HP: 62/62 MP: 7/7
  2606 | D:3      | You fall into a shaft and drop 2 floors!
  2606 | D:5      | Entered Level 5 of the Dungeon
  2614 | D:4      | Reached skill level 6 in Fighting
  2614 | D:4      | Reached skill level 5 in Dodging
  2619 | D:4      | Reached *** piety under Trog
  2738 | D:4      | Found a staircase to the Ecumenical Temple.
  3098 | D:4      | Reached XP level 8. HP: 43/71 MP: 8/8
  3309 | D:4      | Found a glowing drain.
  3432 | D:3      | Noticed Robin
  3439 | D:3      | Killed Robin
  3698 | D:3      | Found a shimmering altar of Xom.
  3702 | D:3      | Found a blossoming altar of Fedhas.
  4220 | D:4      | Found an ancient bone altar of Kikubaaqudgha.
  4220 | D:4      | Found a shimmering blue altar of Sif Muna.
  4222 | D:4      | Found a radiant altar of Vehumet.
  4576 | D:5      | Reached skill level 7 in Fighting
  4705 | D:5      | Reached **** piety under Trog
  5934 | D:6      | Found a hazy altar of Hepliaklqana.
  6060 | D:6      | Found a stormy altar of Qazlal.
  6061 | D:6      | Noticed an air elemental
  6196 | D:6      | Reached skill level 8 in Fighting
  6377 | D:6      | Found a glowing silver altar of Zin.
  6654 | D:7      | Reached XP level 9. HP: 77/81 MP: 9/9
  7159 | D:7      | Found Calyno's Weapon Boutique.
  7368 | D:7      | Found a stormy altar of Qazlal.
  7840 | D:8      | Noticed a two-headed ogre
  7854 | D:8      | Killed a two-headed ogre
  7854 | D:8      | Reached skill level 9 in Fighting
  8249 | D:8      | Reached ***** piety under Trog
  8595 | D:9      | Reached XP level 10. HP: 67/92 MP: 10/10
  9081 | D:9      | Reached skill level 10 in Fighting
  9887 | D:9      | Found a staircase to the Lair.
 10217 | D:9      | Reached skill level 10 in Axes
 10367 | Lair:1   | Entered Level 1 of the Lair of Beasts
 10368 | Lair:1   | Upgraded the game from 0.25.1-8-g42b30a86e7 to
                  | 0.25.1-9-gc5326a611f
 10421 | Lair:1   | Noticed a seven-headed hydra
 10468 | Lair:2   | Reached skill level 11 in Fighting
 10488 | Lair:2   | Slain by a blink frog

Illustrated notes

Levels and vault maps discovered:
D:1:      elethiomel_arrival_shortcut, layout_basic, grunt_decor_mini_mirrors,
          hex_medium, minmay_crystal_water, serial_bayou_ford_a
D:2:      layout_basic, uniq_jessica, uniq_sigmund, uniq_crazy_yiuf_cottage
D:3:      layout_rooms, minitemple, serial_co_window_serial,
          co_window_of_opportunity_a, co_window_corner_a, co_window_paths_a,
          co_window_corner_a, co_window_paths_b, co_window_corner_ca,
          co_window_paths_c, co_window_corner_cb, co_window_of_opportunity_b,
          co_window_sun, uniq_grinder, uniq_robin, uniq_ijyb, uniq_terence
D:4:      layout_basic, grunt_temple_overflow_magic_moments,
          minmay_temple_entry_mini_moons, first_ration, portal_sewer_entry_a,
          minmay_bent
D:5:      layout_loops_corners, supply_closet_lemuel
D:6:      layout_gridville, nicolae_qazlal_style_of_elements, zin_academy,
          kennysheep_mini_moat
D:7:      cheibrodos_two_vegetables, layout_rooms, basic_altar, serial_shops,
          shop
D:8:      layout_basic
D:9:      layout_basic, minmay_lair_entry_grove
Lair:1:   layout_gridlike, gammafunk_ghost_cemetery, serial_bayou_shore_b,
          uniq_nergalle
Lair:2:   layout_cellular_growth, roderic_carrion_pond, grunt_megastairs_3,
          infiniplex_staircase_pool_2, serial_bayou_shore_b, uniq_erica

Skill      XL: |  1  2  3  4  5  6  7  8  9 10 |
---------------+-------------------------------+-----
Dodging        | 3 4 5 6 8 9 |  9.4
Fighting       | 4 5 6 8 9 11 | 11.1
Axes           | 4 5 6 7 8 10 | 10.2

Action                   |  1- 3 |  4- 6 |  7- 9 | 10-12 || total
-------------------------+-------+-------+-------+-------++-------
Melee: Hand axe          |   130 |    56 |   515 |   276 ||   977
       Tailslap          |    13 |     7 |    90 |    51 ||   161
Invok: Berserk           |       |     2 |     6 |     4 ||    12
       Trog's Hand       |       |       |     1 |     4 ||     5
  Use: Scroll            |       |       |     5 |       ||     5
       Potion            |       |       |       |     1 ||     1
 Stab: Sleeping          |     2 |       |       |       ||     2
  Eat: Chunk             |     3 |     3 |    24 |    10 ||    40
       Ration            |       |       |     1 |       ||     1
Armor: Skin              |    44 |    19 |   130 |    88 ||   281
Dodge: Dodged            |    97 |    30 |   366 |   197 ||   690
